Mourne, chaotic male orcish Priest $ ------------ ------ $ |..........-############|....-#########################` $ |.........(| #|[...| ------------- # ----- |..........| # #|....-######## ............| ##-.*.| |.....>....| ###########.....| ###|...........| |...| -|----.----- #|....| # #............| ##....| ### ## $ #|....|#########-------.----- # |...| # # $ #-.---- # # ### ----- $ ### ############ # # # # ### $ # # ## ## * # # # $ --------|- # # ## # |.........####### # --.-------# $ |........| # ---c------------ |........|# $$ |........| ## ## |........)((/==| $ |.........# * $$ |........| -.--- ###-[.............| |........| $ |........| |...| ###|....<.....(+..| $ |........| |........| |....######@@.........._..| |........| $ ---------- ----- --------|------- ---------- ^ Mourne the Priest Experience level: 13 Strength: 18 Dexterity: 13 Constitution: 18 Intelligence: 8 Wisdom: 16 Charisma: 7 Health: 0(107) Energy: 122(123) Def: 24 Gold: 3442 Moves: 30573 Dungeon seed: RGaCJE14lcuAEm-m Game ID: Mourne_1520599226 Your Inventory: Coins $ - 3442 gold pieces Amulets A - an uncursed amulet of reflection (being worn) Weapons R - the blessed rustproof +0 Stormbringer (weapon in hand) Z - an uncursed rustproof +3 mace Armor m - an uncursed rotted +0 small shield (being worn) n - an uncursed fireproof +0 pair of elven boots (being worn) r - a blessed +0 pair of leather gloves (being worn) B - an uncursed burnt +3 robe (being worn) I - a blessed +4 dwarvish iron helm (being worn) S - a blessed +3 gray dragon scale mail (being worn) Y - an uncursed +0 mummy wrapping Comestibles j - an uncursed food ration E - an uncursed cream pie V - 2 uncursed K-rations Scrolls t - 6 uncursed scrolls of teleportation Potions f - an uncursed potion of object detection h - an uncursed potion of healing i - 2 blessed potions of object detection z - 2 uncursed potions of full healing Rings c - a blessed ring of shock immunity y - an uncursed +4 ring of protection C - a blessed ring of regeneration D - an uncursed ring of conflict L - an uncursed ring of slow digestion (on left hand) N - a blessed +2 ring of searching Q - an uncursed ring of shock immunity (on right hand) Wands b - an uncursed wand of secret door detection (0:9) o - an uncursed wand of make invisible (0:4) p - an uncursed wand of magic missile (0:1) q - an uncursed wand of digging (1:12) w - an uncursed wand of create monster (0:5) x - an uncursed wand of fire (0:8) K - an uncursed wand of striking (0:8) O - an uncursed wand of magic missile (0:7) Tools d - an uncursed sack v - an uncursed towel M - an uncursed skeleton key P - a cursed stethoscope W - an uncursed +0 unicorn horn Gems e - an uncursed luckstone Contents of the sack: a blessed potion of confusion a blessed potion of enlightenment a blessed potion of healing an uncursed potion of invisibility an uncursed potion of monster detection an uncursed potion of paralysis an uncursed potion of speed a potion of unholy water an uncursed corrodeproof +1 ring of increase damage a blessed corrodeproof ring of teleport control an uncursed corrodeproof ring of teleport control an uncursed wand of magic missile (0:0) an uncursed jade stone Spells and supernatural/magical abilities: Spells marked with '!' are maintained. Name Level Category Fail Memory c - cause fear 3 enchantment 71% 64% h - healing 1 healing 0% 67% k - knock 1 matter 0% 82% l - light 1 ! divination 0% 61% m - magic missile 2 attack 0% 77% p - protection 1 clerical 0% 52% r - remove curse 3 clerical 0% 85% s - slow monster 2 enchantment 0% 93% z - sleep 1 enchantment 0% 59% B - cure blindness 2 healing 0% 64% D - drain life 2 attack 0% 100% H - speed monster 3 escape 71% 93% K - cure sickness 3 healing 0% 67% M - magic mapping 5 divination 99% 81% O - create monster 2 clerical 0% 64% R - restore ability 4 healing 44% 85% W - pray for help -- divine ? -- X - turn undead -- divine ? -- Your skills at the end: Fighting Skills wands [Skilled] Weapon Skills broadsword [Basic] mace [Expert] Spellcasting Skills healing spells [Basic] clerical spells [Basic] Final Attributes: You were cold resistant. You were sleep resistant. You were immune to electricity. You were immune to poison. You were magic resistant. You were level-drain resistant. You saw invisible. You were telepathic. You had infravision. You were stealthy. You had slower digestion. You were fast. You had reflection. You were extremely lucky. You had extra luck. Bad luck did not time out for you. Good luck did not time out for you. You reconciled with your god 29 turns ago. You are dead. Vanquished creatures: Juiblex a silver dragon a jabberwock a pit fiend a titanothere 2 guardian nagas a shopkeeper a clay golem 2 nurses a golden naga 3 black puddings a vampire 2 ghosts a watch captain 2 barbarians a caveman a healer 2 monks 2 priests a valkyrie 2 giant mimics a zruty a fire giant an umber hulk 2 flesh golems an Elvenking a doppelganger a large mimic a baby purple worm 2 long worms 3 couatls 3 stalkers an air elemental a water elemental 5 hill giants a black naga a giant zombie 3 elf-lords 11 wargs 2 winter wolves 3 small mimics 2 warhorses 3 xans 3 ettin mummies 6 quantum mechanics 9 trolls 2 sasquatches a wood golem a pyrolisk a large dog a freezing sphere 4 shocking spheres 4 large cats 2 tigers 2 gargoyles a dwarf king 4 tengu an ochre jelly a leocrotta an energy vortex a mountain centaur 3 elf mummies a human mummy a red naga a green slime 2 pythons 2 cobras 5 wraiths 2 carnivorous apes 3 leather golems 12 Grey-elves 5 soldiers 4 watchmen 3 incubi 2 chameleons 2 crocodiles 2 giant beetles a quivering blob 7 cockatrices 9 wolves 4 winter wolf cubs 5 panthers a spotted jelly 9 leprechauns 4 iron piercers a mumak 3 giant spiders a scorpion 3 horses 6 black lights 2 vampire bats 4 forest centaurs 4 gnome kings 2 orc mummies 2 dwarf mummies 10 brown puddings 3 rust monsters 3 owlbears 3 yetis 3 gold golems a werewolf 12 Green-elves 9 lizards 2 dogs 2 dingos a housecat 4 jaguars 4 dwarf lords 3 blue jellies 6 white unicorns a gray unicorn 5 dust vortices 7 ravens 8 plains centaurs 6 gnome mummies 4 snakes 5 water moccasins 9 apes 6 human zombies 3 rope golems 8 Woodland-elves 4 soldier ants 4 fire ants 16 bugbears a quasit 4 wood nymphs 10 water nymphs 5 mountain nymphs 11 Mordor orcs 12 Uruk-hai 7 orc shamans 11 rock piercers 9 rock moles 4 ponies 5 fog clouds 12 yellow lights 4 shriekers 5 violet fungi 26 gnome lords 8 gnomish wizards 7 kobold mummies a red naga hatchling 2 black naga hatchlings 3 golden naga hatchlings 2 guardian naga hatchlings 2 gray oozes 2 barrow wights an elf zombie a ghoul 4 straw golems 4 paper golems 2 baby crocodiles 16 giant ants 5 little dogs 10 floating eyes 5 kittens 20 dwarves 3 kobold lords 5 kobold shamans 9 hill orcs 12 rothes 3 rabid rats a centipede 9 giant bats 4 monkeys 15 orc zombies a dwarf zombie a wererat a werejackal 7 iguanas 7 killer bees 5 acid blobs 14 coyotes 4 gas spores 8 hobbits 19 manes 4 large kobolds 17 hobgoblins 8 giant rats 14 cave spiders 2 brown molds 8 yellow molds 7 green molds 5 red molds 54 gnomes 12 garter snakes 3 gnome zombies 6 geckos 20 jackals 8 kobolds 11 goblins 6 sewer rats 15 grid bugs 10 bats 16 lichens 8 kobold zombies 20 newts 998 creatures vanquished. Genocided species: liches demiliches master liches arch-liches 4 species genocided. Voluntary challenges: You had been an atheist until turn 7934. You used a wielded weapon 1796 times, starting on turn 20. You read items or engraved 149 times, starting on turn 1304. You genocided 4 types of monsters, starting on turn 28083. You polymorphed 25 items, starting on turn 14390. You never changed form. You used 2 wishes, starting on turn 10394. You did not wish for any artifacts. You split 11 puddings, starting on turn 2374. You wrote Elbereth's name 2 times, starting on turn 16447. You violated your moral code, losing 806 points of alignment, starting on turn 7992. Dungeon overview: The Dungeons of Doom: levels 1 to 24 Level 1 some fountains, a vault a long staircase Level 2 an altar to Lugh, a fountain stairs to The Gnomish Mines Level 3 Level 4 a fountain Level 5 some fountains Level 6 a fountain Level 7 many fountains Level 8 stairs to Sokoban Level 9 some fountains Level 10 a fountain, a vault Level 11 a vault Level 12 a vault Level 13 a vault Level 14 portal to The Quest Level 15 a vault Level 16 a temple to Lugh, some fountains, a vault Level 17 <- You were here an altar to Manannan Mac Lir, a vault Level 18 Level 19 a temple to Manannan Mac Lir, a fountain, a sink Level 20 an altar to Manannan Mac Lir Level 21 an altar to Brigit, some fountains Level 22 a sink Level 23 Level 24 The Gnomish Mines: levels 3 to 11 Level 3 stairs to The Dungeons of Doom Level 4 Level 5 (minetown + my bank) many shops, a temple to Manannan Mac Lir, a fountain Level 6 Level 7 Level 8 Level 9 Level 10 Level 11 many altars to Moloch, some fountains The Quest: Level 1 portal to The Dungeons of Doom Sokoban: levels 4 to 7 Level 4 Level 5 Level 6 Level 7 Solved stairs to The Dungeons of Doom History has recorded: On T:1 you entered the Dungeons of Doom to retrieve the Amulet of Yendor! On T:445 you advanced to experience level 2. On T:452 you reached level 2 of The Dungeons of Doom. On T:652 you reached level 3 of The Dungeons of Doom. On T:1038 you reached level 4 of The Dungeons of Doom. On T:1115 you advanced to experience level 3. On T:1348 you reached level 5 of The Dungeons of Doom. On T:1411 you advanced to experience level 4. On T:1536 you reached level 6 of The Dungeons of Doom. On T:1590 you advanced to experience level 5. On T:1865 you reached level 7 of The Dungeons of Doom. On T:2134 you reached level 8 of The Dungeons of Doom. On T:2220 you reached level 4 of Sokoban. On T:2397 you advanced to experience level 6. On T:2790 you reached level 3 of Sokoban. On T:4362 you advanced to experience level 7. On T:4639 you reached level 2 of Sokoban. On T:5417 you advanced to experience level 8. On T:6110 you reached level 1 of The Gnomish Mines. On T:6992 you reached level 1 of Sokoban. On T:7634 you reached level 2 of The Gnomish Mines. On T:7852 you advanced to experience level 9. On T:8886 you reached level 4 of The Gnomish Mines. On T:9805 you reached level 6 of The Gnomish Mines. On T:10066 you reached level 7 of The Gnomish Mines. On T:10210 you reached level 8 of The Gnomish Mines. On T:10387 you reached level 9 of The Gnomish Mines. On T:10394 you wished for "+3 Gray dragon scale mail". On T:14565 you advanced to experience level 10. On T:15074 you reached level 9 of The Dungeons of Doom. On T:15540 you reached level 10 of The Dungeons of Doom. On T:16488 you reached level 11 of The Dungeons of Doom. On T:16877 you reached level 12 of The Dungeons of Doom. On T:17289 you reached level 13 of The Dungeons of Doom. On T:17972 you reached level 14 of The Dungeons of Doom. On T:18072 you reached level 1 of The Quest. On T:19002 you reached level 15 of The Dungeons of Doom. On T:19047 you wished for "4 holy scroll of identify". On T:19402 you reached level 16 of The Dungeons of Doom. On T:20963 you advanced to experience level 11. On T:21638 you killed Juiblex on level 3 of The Gnomish Mines. On T:22934 you reached level 17 of The Dungeons of Doom. On T:23308 you reached level 18 of The Dungeons of Doom. On T:23441 you reached level 19 of The Dungeons of Doom. On T:24266 you reached level 20 of The Dungeons of Doom. On T:24354 you advanced to experience level 12. On T:24830 you reached level 21 of The Dungeons of Doom. On T:25239 you reached level 22 of The Dungeons of Doom. On T:25881 you reached level 23 of The Dungeons of Doom. On T:26503 you advanced to experience level 13. On T:26897 you reached level 24 of The Dungeons of Doom. On T:27282 you received Stormbringer from Manannan Mac Lir. On T:30410 you received Ogresmasher from Manannan Mac Lir. Score breakdown: Gold: 3442 (12031 points) Experience: 13 levels (19298 points) Exploration: 24 levels ( 51.06%) (21213 points) Discoveries: 77 items ( 26.64%) (15485 points) Valuables value: (no points given unless you survive) Artifact value: 8000 (13277 points) Variety of kills: 197 monsters ( 51.84%) (21600 points) Turncount: 30573 turns (-4029 points) Survival: died (score multiplied by 80%) Total score: 79100 Latest messages: The weapon burns you! The invisible peregrinator swings his long sword of fire at you. The invisible peregrinator misses. The invisible peregrinator swings his long sword of fire at you. The weapon burns you! Your scroll of teleportation catches fire and burns! (2x) Some of your scrolls of teleportation catch fire and burn! Your scroll of create monster catches fire and burns! The invisible peregrinator swings his long sword of fire at you. The weapon burns you! The invisible peregrinator swings his long sword of fire at you. The weapon burns you! Your potion of object detection boils and explodes! The invisible peregrinator swings his long sword of fire at you. The weapon burns you! The invisible peregrinator swings his long sword of fire at you. The weapon burns you! Your potion of confusion boils and explodes! One of your potions of full healing boils and explodes! You die... For some reason, you think that you can almost hear the Wizard laugh manically... Final status: Goodbye Mourne the Priest, killed by an invisible tourist, while frozen by potion vapours... You died in The Dungeons of Doom on dungeon level 17 with 79100 points, and 3442 pieces of gold, after 30573 moves. You were level 13 with a maximum of 107 hit points when you died.